 Dungeon Crawl Stone Soup version 0.29.1-2-gbd0b4ee654 (webtiles) character file.

Game seed: 6491502392018466402

151 Icepheonix32 the Grave Robber (level 5, 0/42 HPs)
             Began as a Deep Elf Necromancer on Oct 31, 2022.
             Slain by an orc wizard
             ... wielding a +0 dagger
              (3 damage)
             ... on level 2 of the Dungeon.
             The game lasted 00:03:14 (2753 turns).

Icepheonix32 the Grave Robber (DENe)                Turns: 2753, Time: 00:03:14

Health: 0/42       AC:  3    Str:  7    XL:     5   Next: 11%
Magic:  1/11       EV: 12    Int: 20    God:
Gold:   66         SH:  0    Dex: 15    Spells: 9/10 levels left

rFire   . . .      SeeInvis .   i - +0 dagger
rCold   . . .      Faith    .   (no shield)
rNeg    . . .      Spirit   .   a - +1 robe
rPois   .          Reflect  .   (no helmet)
rElec   .          Harm     .   (no cloak)
rCorr   .          Rampage  .   (no gloves)
Will    .....                   (no boots)
Stlth   ..........              (no amulet)
HPRegen 0.14/turn               (no ring)
MPRegen 0.12/turn               (no ring)

@: berserking, very quick
A: no striking features
a: no special abilities


You were on level 2 of the Dungeon.
You visited 1 branch of the dungeon, and saw 2 of its levels.

You collected 66 gold pieces.

Inventory:

Hand Weapons
 i - a +0 dagger (weapon)
Missiles
 b - 3 boomerangs
Armour
 a - a +1 robe (worn)
Wands
 j - a wand of charming (13)
Scrolls
 c - a scroll of enchant armour
 e - a scroll of identify
 f - a scroll of enchant weapon {unknown}
Potions
 d - a potion of heal wounds
 h - a potion of haste


   Skills:
 - Level 2.4 Dodging
 - Level 2.4 Stealth
 - Level 3.0 Spellcasting
 + Level 7.8 Necromancy


You had 9 spell levels left.
You knew the following spells:

 Your Spells              Type           Power      Damage    Failure   Level
a - Necrotise             Necr           100%       1d9       1%          1

Your spell library contained the following spells:

 Spells                   Type           Power      Damage    Failure   Level
 Vampiric Draining        Necr           34%        2d8       1%          3
 Animate Dead             Necr           34%        N/A       6%          4
 Foxfire                  Conj/Fire      12%        2x1d4     14%         1
 Summon Small Mammal      Summ           12%        N/A       14%         1
 Agony                    Necr           34%        N/A       16%         5
 Ensorcelled Hibernation  Hex/Ice        6%         N/A       22%         2
 Anguish                  Hex/Necr       9%         N/A       28%         4
 Call Canine Familiar     Summ           3%         N/A       38%         3
 Conjure Flame            Conj/Fire      3%         6-21      38%         3
 Frozen Ramparts          Ice            6%         1d1       38%         3
 Inner Flame              Hex/Fire       3%         N/A       38%         3
 Spider Form              Tmut/Pois      3%         N/A       38%         3
 Summon Guardian Golem    Hex/Summ       3%         N/A       38%         3
 Flame Wave               Conj/Fire      3%         2d5       80%         4
 Ice Form                 Ice/Tmut       3%         N/A       80%         4
 Summon Ice Beast         Ice/Summ       3%         N/A       80%         4


Dungeon Overview and Level Annotations

Branches:
Dungeon (2/15)

Altars:


Message History

Your orc wizard skeleton closely misses something.
Something hits you.
The orc hits your orc wizard skeleton with a +0 whip.
Casting: Necrotise (safe; 1% risk of failure)
Confirm with . or Enter, or press ? or * to list all spells.
You can't see any susceptible monsters within range! (Use Z to cast anyway.)
Casting: Necrotise (safe; 1% risk of failure)
Confirm with . or Enter, or press ? or * to list all spells.
You don't know that spell.
Casting: Necrotise (safe; 1% risk of failure)
Confirm with . or Enter, or press ? or * to list all spells.
Aiming: Necrotise (safe; 1% risk of failure)
Press: ? - help, Shift-Dir - straight line Something writhes in agony.
Your orc wizard skeleton barely misses something.
You hear some strange, mumbled words.
A puff of flame appears from out of thin air!
The puff of flame hits you!
The orc barely misses your orc wizard skeleton.
A red film seems to cover your vision as you go berserk!
You feel yourself moving faster!
You feel mighty!
Your orc wizard skeleton closely misses something.
You hear some strange, mumbled words.
A puff of flame appears from out of thin air!
The puff of flame hits you.
* * * LOW HITPOINT WARNING * * *
The orc hits your orc wizard skeleton with a +0 whip.
Your orc wizard skeleton is destroyed!
You barely miss something. You miss something. Something hits you.
* * * LOW HITPOINT WARNING * * *
You miss something. Something hits you.
* * * LOW HITPOINT WARNING * * *
You barely miss something. You hit something but do no damage.
Something hits you but does no damage.
You closely miss something. Something hits you.
* * * LOW HITPOINT WARNING * * *
You miss something. You miss something. Something hits you.
You die...

#.# #.# ##?#### ##...#. .....
..) #. #o# #.# #.### #{# #.#
##...## #@# #.# #.....# ##'##
#.# # #.....# ##...## ##.###.#
#.....# ##.....## .....
#....## ##.......## #..##
####....####.........####...##
...........+.........'.......#
.###.....###.........####...##
.###.....# ##.......## #..##


You could see an orc.

Vanquished Creatures
  An orc wizard (D:2)
  3 gnolls (D:2)
  4 adders (D:2)
  A dart slug (D:2)
  2 orcs (D:2)
  8 endoplasms
  3 giant cockroaches (D:1)
  A goblin (D:2)
  6 hobgoblins
  4 jackals
  A kobold (D:1)
  2 quokkas (D:2)
  5 ball pythons
  6 bats
  3 frilled lizards
  5 rats
55 creatures vanquished.

Vanquished Creatures (collateral kills)
  A ball python (D:1)
1 creature vanquished.

Grand Total: 56 creatures vanquished

Notes
Turn   | Place    | Note
-------+----------+-------------------------------------------
     0 | D:1      | Icepheonix32 the Deep Elf Necromancer began the quest for
                  | the Orb.
     0 | D:1      | Reached XP level 1. HP: 10/10 MP: 6/6
    24 | D:1      | Reached skill level 5 in Necromancy
   168 | D:1      | Reached XP level 2. HP: 6/15 MP: 6/8
   720 | D:1      | Reached skill level 6 in Necromancy
  1004 | D:1      | Reached XP level 3. HP: 19/19 MP: 7/9
  1986 | D:2      | Reached XP level 4. HP: 16/24 MP: 5/10
  2189 | D:2      | Reached skill level 7 in Necromancy
  2737 | D:2      | Reached XP level 5. HP: 21/28 MP: 2/11
  2753 | D:2      | Slain by an orc wizard

Illustrated notes

Levels and vault maps discovered:
D:1:      lemuel_arrival_room, layout_basic, minmay_door_square, minivault_19,
          minmay_pentomino_v2
D:2:      layout_loops_corners, uniq_sigmund

Skill      XL: |  1  2  3  4 |
---------------+-------------+-----
Necromancy     | 5 6 7 |  7.8
Dodging        | |  2.4
Stealth        | |  2.4
Spellcasting   | |  3.0

Action                   |  1- 3 |  4- 6 || total
-------------------------+-------+-------++-------
Melee: Unarmed           |     5 |       ||     5
       Dagger            |     4 |    23 ||    27
 Cast: Necrotise         |    77 |    32 ||   109
  Use: Potion            |     2 |     1 ||     3
       Scroll            |     4 |       ||     4
Armor: Robe              |     5 |     4 ||     9
Dodge: Dodged            |    14 |    15 ||    29
